 Dungeon Crawl Stone Soup version 0.27-a0-1301-g128193abf8 (webtiles) character file.

Game seed: 10245275772108513526

9653 mordus the Spear-Bearer (level 11, 0/82 HPs)
             Began as a Minotaur Fighter on June 17, 2021.
             Was a Priest of Yredelemnul.
             Slain by a tengu warrior (11 damage)
             ... on level 9 of the Dungeon.
             The game lasted 00:21:02 (8358 turns).

mordus the Spear-Bearer (Minotaur Fighter)          Turns: 8358, Time: 00:21:02

Health: 0/82       AC:  9    Str: 28    XL:     11   Next: 25%
Magic:  14/14      EV:  7    Int: 11    God:    Yredelemnul [***...]
Gold:   535        SH: 20    Dex: 10    Spells: 10/10 levels left

rFire    + . .     SeeInvis .   a - +0 trident
rCold    . . .     Faith    .   O - +2 tower shield
rNeg     . . .     Spirit   .   E - +1 ring mail {rF+}
rPois    .         Reflect  .   (helmet restricted)
rElec    .         Harm     .   m - +0 cloak
rCorr    .         Rampage  .   (no gloves)
Will     .....                  (no boots)
Stlth    +.........             r - amulet of regeneration
HPRegen  1.23/turn              p - +4 ring of slaying
MPRegen  0.14/turn              X - ring of Begg {Contam Str+4 Int+6 Stlth+}

@: no status effects
A: horns 2, retaliatory headbutt
a: Renounce Religion, Recall Undead Slaves, Injury Mirror, Animate Dead


You were on level 9 of the Dungeon.
You worshipped Yredelemnul.
Yredelemnul was most pleased with you.
You visited 1 branch of the dungeon, and saw 9 of its levels.

You collected 535 gold pieces.

Inventory:

Hand Weapons
 a - a +0 trident (weapon)
 u - a +2 scythe of flaming
 F - the +9 whip of Symmetry {vorpal, rPois rF+}
   (You found it on level 6 of the Dungeon)

   It inflicts extra damage upon your enemies.
   It protects you from fire.
   It protects you from poison.
 M - a +2 halberd
Missiles
 W - 3 curare-tipped darts (quivered)
Armour
 b - a +0 scale mail
 c - a +0 kite shield
 m - a +0 cloak (worn)
 t - a +0 chain mail
 E - a +1 ring mail of fire resistance (worn)
 N - +0 steam dragon scales
 O - a +2 tower shield (worn)
 T - a +3 scale mail
Jewellery
 o - a ring of flight
 p - a +4 ring of slaying (left hand)
 q - a +4 ring of evasion
 r - an amulet of regeneration (around neck)
 s - a ring of protection from cold
 z - a ring of wizardry
 G - a ring of fire
 P - a ring of fire
 R - an amulet of magic regeneration
 X - the ring of Begg (right hand) {Contam Str+4 Int+6 Stlth+}
   (You took it off a skeletal warrior on level 8 of the Dungeon)

   [ring of intelligence]

   It affects your strength (+4).
   It affects your intelligence (+6).
   It causes magical contamination when unequipped.
   It makes you more stealthy.
Wands
 x - a wand of flame (14)
 y - a wand of digging (5)
 A - a wand of acid (13)
 V - a wand of mindburst (12)
Scrolls
 h - 3 scrolls of noise {unknown}
 i - a scroll of silence {unknown}
 l - 4 scrolls of enchant armour {unknown}
 n - 3 scrolls of teleportation {unknown}
 v - a scroll of enchant weapon {unknown}
 w - a scroll of brand weapon {unknown}
 B - 2 scrolls of immolation {unknown}
 C - a scroll of fog {unknown}
 H - a scroll of amnesia {unknown}
 J - a scroll of vulnerability {unknown}
 K - a scroll of magic mapping {unknown}
 L - 4 scrolls of identify {unknown}
 S - a scroll of holy word {unknown}
 U - a scroll of blinking {unknown}
Potions
 d - 4 potions of might
 e - a potion of attraction {unknown}
 f - 4 potions of haste {unknown}
 g - a potion of mutation {unknown}
 j - 2 potions of invisibility {unknown}
 k - 3 potions of curing {unknown}
 D - a potion of magic {unknown}
 I - a potion of heal wounds {unknown}
 Q - 2 potions of degeneration {unknown}
 Y - a potion of lignification {unknown}


   Skills:
 - Level 3.6 Fighting
 - Level 6.0 Maces & Flails
 * Level 13.1 Polearms
 + Level 10.0 Armour
 + Level 10.1 Shields
 + Level 6.1 Invocations


You had 10 spell levels left.
You didn't know any spells.
Your spell library contained the following spells:

 Spells                   Type           Power      Damage    Failure   Level
 Animate Skeleton         Necr           0%         N/A       97%         1
 Apportation              Tloc           0%         N/A       97%         1
 Corona                   Hex            0%         N/A       97%         1
 Summon Small Mammal      Summ           0%         N/A       97%         1
 Call Imp                 Summ           0%         N/A       99%         2
 Slow                     Hex            0%         N/A       99%         2
 Call Canine Familiar     Summ           0%         N/A       100%        3
 Inner Flame              Hex/Fire       0%         N/A       100%        3
 Portal Projectile        Hex/Tloc       0%         N/A       100%        3
 Summon Guardian Golem    Hex/Summ       0%         N/A       100%        3
 Cause Fear               Hex            0%         N/A       100%        4
 Leda's Liquefaction      Hex/Erth       0%         N/A       100%        4
 Summon Ice Beast         Ice/Summ       0%         N/A       100%        4
 Summon Lightning Spire   Summ/Air       0%         N/A       100%        4


Dungeon Overview and Level Annotations

Branches:
Dungeon (9/15)             Temple (0/1) D:5            Lair (0/6) D:8
    Orc (0/2) D:9

Altars:
Fedhas
Kikubaaqudgha
Nemelex Xobeh
Ru
Trog
Vehumet
Xom
Yredelemnul
Beogh


Innate Abilities, Weirdness & Mutations

You have a pair of horns on your head.
You reflexively headbutt those who attack you in melee.


Message History

The tengu warrior freezes your centaur zombie.
Your centaur zombie is destroyed!
You can't wield that with a shield.
Okay, then.
a - a +0 trident (weapon)
The tengu warrior hits your two-headed ogre zombie with a +3 great sword of freezing!
The tengu warrior pecks your two-headed ogre zombie!
The tengu warrior claws your two-headed ogre zombie but does no damage.
Your yak zombie misses the tengu warrior.
Your two-headed ogre zombie completely misses the tengu warrior. x2
Reach: a) +0 trident
Press: ? - help, Dir - move target, f - tengu warrior
Aim: a tengu warrior, wielding a +3 great sword of freezing, wearing a +0 leather armour and wearing the ring of Kidduih {Wiz rElec SInv Stlth-} (severely wounded, ally target, about 55% to evade your +0 trident)
You reach to attack!
You puncture the tengu warrior!
The tengu warrior is almost dead.
The tengu warrior hits your two-headed ogre zombie with a +3 great sword of freezing!!
Your two-headed ogre zombie is destroyed!
Your yak zombie completely misses the tengu warrior.
Reach: a) +0 trident
Press: ? - help, Dir - move target, f/p - tengu warrior
Aim: a tengu warrior, wielding a +3 great sword of freezing, wearing a +0 leather armour and wearing the ring of Kidduih {Wiz rElec SInv Stlth-} (almost dead, ally target, about 55% to evade your +0 trident)
You reach to attack!
You miss the tengu warrior.
The tengu warrior is almost dead.
The tengu warrior hits you with a +3 great sword of freezing!
The tengu warrior freezes you.
* * * LOW HITPOINT WARNING * * *
You block the tengu warrior's attack. x2
Found an encrusted silver wand.
You block the tengu warrior's attack. x2; The tengu warrior claws you.
Items here: ( )))))).
Items here: ))) [[.
A killer bee comes into view.
The killer bee buzzes angrily.
You block the killer bee's attack. You block the killer bee's attack. x2
The tengu warrior hits you with a +3 great sword of freezing!!
* * * LOW HITPOINT WARNING * * *
The tengu warrior freezes you!
You die...
Your body rises from the dead as a mindless zombie.

.#...#.# #..#.#.#.######.##..#
Z#####.# #..#.#.#......#.##Z#Z
.#####.# #.##.#.#......#.##.##
.ZZ.##.# ####.##.#.#......#.##.##
###.##.# #.......#........#.#..Z.
#Z##.###.#####.####.....#.#####
.##.#...##Z## #.######.###.#
........Z...# ##........# #Z#
.##..##########.@y...#### #Z#
................Q###...####.##
.#############..#..###...##..####
.###............#....###........#
..##.#########..#.#))#/###....#.#
...)(# ...#.#)## ..###....#
....#####..#....#.#..###...###...
..ZZZ.Z.#..#....#.##.#.......###.
...Z###.#.......#..#....#.#....##


You could see a tengu warrior and a killer bee.

Vanquished Creatures
  2 two-headed ogres
  A skeletal warrior (D:8)
  Pikel (D:4)
  An ugly thing (D:6)
  A cyclops (D:9)
  Joseph (D:9)
  2 hornets (D:9)
  Sigmund (D:4)
  A wraith (D:9)
  4 yaks (D:9)
  A vampire mosquito (D:9)
  A steam dragon (D:7)
  3 wargs (D:8)
  Edmund (D:4)
  2 acid dragons (D:9)
  Duvessa (D:4)
  A water moccasin (D:7)
  4 orc warriors
  4 sky beasts
  An ice beast (D:6)
  2 ogres
  7 centaurs
  2 necrophages
  2 phantoms
  A kobold brigand (D:9)
  A bullfrog (D:8)
  Dowan (D:4)
  2 water moccasin zombies
  A water moccasin skeleton (D:5)
  11 killer bees (D:9)
  3 wights (D:7)
  A bullfrog zombie (D:6)
  3 centaur zombies
  A jelly (D:6)
  2 hounds (D:6)
  A gnoll shaman (D:5)
  7 orc priests
  A bullfrog skeleton (D:6)
  4 iguanas
  6 orc wizards
  2 killer bee zombies
  8 adders
  10 gnolls
  A howler monkey skeleton (D:5)
  A shadow imp (D:6)
  A white imp (D:6)
  An ufetubus (D:6)
  3 worms
  3 dart slugs
  23 orcs
  4 ball pythons
  8 endoplasms
  5 giant cockroaches (D:1)
  6 goblins
  5 hobgoblins
  9 jackals
  9 kobolds
  5 quokkas
  2 ball python zombies (D:3)
  6 bats
  2 frilled lizards
  5 rats
212 creatures vanquished.

Vanquished Creatures (collateral kills)
  A water moccasin (D:8)
  An orc warrior (D:9)
  2 howler monkeys (D:9)
  An orc wizard (D:9)
  A gnoll (D:7)
  An orc (D:9)
7 creatures vanquished.

Vanquished Creatures (others)
  4 centaur zombies (D:9)
  A hornet zombie (D:9)
  A two-headed ogre zombie (D:9)
  A yak zombie (D:9)
  A warg zombie (D:8)
  A cyclops zombie (D:9)
  A human zombie (D:9)
  An acid dragon zombie (D:9)
  A gnoll zombie (D:7)
  4 killer bee zombies (D:9)
  3 kobold zombies (D:9)
  17 orc zombies
36 creatures vanquished.

Grand Total: 255 creatures vanquished

Notes
Turn   | Place    | Note
-------+----------+-------------------------------------------
     0 | D:1      | mordus the Minotaur Fighter began the quest for the Orb.
     0 | D:1      | Reached XP level 1. HP: 19/19 MP: 0/0
   292 | D:1      | Reached XP level 2. HP: 26/26 MP: 1/1
   305 | D:1      | Reached skill level 3 in Polearms
   718 | D:1      | Reached XP level 3. HP: 31/31 MP: 2/2
   772 | D:1      | Found a faded altar of an unknown god.
  1433 | D:2      | Reached skill level 4 in Polearms
  1433 | D:2      | Reached XP level 4. HP: 26/39 MP: 3/3
  2387 | D:3      | Reached XP level 5. HP: 45/45 MP: 4/4
  2393 | D:3      | Found a basalt altar of Yredelemnul.
  2402 | D:3      | Reached skill level 5 in Polearms
  2404 | D:3      | Became a worshipper of Yredelemnul the Dark
  2723 | D:4      | Noticed Edmund
  2740 | D:4      | Killed Edmund
  2741 | D:4      | Reached skill level 5 in Armour
  2741 | D:4      | Reached skill level 5 in Shields
  2741 | D:4      | Reached XP level 6. HP: 39/51 MP: 5/5
  2926 | D:4      | Noticed Sigmund
  2937 | D:4      | Killed Sigmund
  2938 | D:4      | Reached skill level 6 in Polearms
  3106 | D:4      | Noticed Pikel
  3123 | D:4      | Killed Pikel
  3124 | D:4      | Reached skill level 8 in Polearms
  3124 | D:4      | Reached XP level 7. HP: 15/57 MP: 6/6
  3213 | D:4      | Reached XP level 8. HP: 51/64 MP: 7/7
  3297 | D:4      | Noticed Dowan
  3298 | D:4      | Noticed Duvessa
  3316 | D:4      | Killed Duvessa
  3321 | D:4      | Killed Dowan
  3322 | D:4      | Reached skill level 1 in Invocations
  3819 | D:5      | Entered Level 5 of the Dungeon
  3863 | D:5      | Found a radiant altar of Vehumet.
  4069 | D:5      | Reached * piety under Yredelemnul
  4120 | D:5      | Found a staircase to the Ecumenical Temple.
  4132 | D:5      | Reached skill level 9 in Polearms
  4246 | D:5      | Found a blossoming altar of Fedhas.
  4413 | D:5      | Found a shimmering altar of Xom.
  4492 | D:5      | Found a sacrificial altar of Ru.
  4585 | D:6      | Identified the +9 whip of Symmetry {vorpal, rPois rF+}
  4810 | D:6      | Reached skill level 1 in Maces & Flails
  4810 | D:6      | Reached XP level 9. HP: 64/70 MP: 8/10
  4944 | D:6      | Reached skill level 10 in Polearms
  4969 | D:6      | Noticed a white ugly thing
  4982 | D:6      | Killed a white ugly thing
  5297 | D:7      | Reached ** piety under Yredelemnul
  5471 | D:7      | Reached skill level 11 in Polearms
  5669 | D:7      | Found a bloodstained altar of Trog.
  5955 | D:7      | Found a sparkling altar of Nemelex Xobeh.
  6352 | D:8      | Reached XP level 10. HP: 62/77 MP: 12/12
  6382 | D:8      | Found a staircase to the Lair.
  6382 | D:8      | Noticed a two-headed ogre
  6392 | D:8      | Killed a two-headed ogre
  6955 | D:9      | Reached skill level 5 in Maces & Flails
  7042 | D:9      | Reached skill level 12 in Polearms
  7042 | D:9      | Reached skill level 5 in Invocations
  7274 | D:9      | Noticed Joseph
  7288 | D:9      | Killed Joseph
  7518 | D:9      | Your ally Joseph died
  7655 | D:9      | Reached *** piety under Yredelemnul
  7689 | D:9      | Found a staircase to the Orcish Mines.
  8009 | D:9      | Found an ancient bone altar of Kikubaaqudgha.
  8081 | D:9      | Reached XP level 11. HP: 81/82 MP: 14/14
  8087 | D:9      | Identified the ring of Begg {Contam Str+4 Int+6 Stlth+}
  8087 | D:9      | Noticed a skeletal warrior
  8185 | D:8      | Killed a skeletal warrior
  8229 | D:9      | Reached skill level 13 in Polearms
  8229 | D:9      | Reached skill level 10 in Shields
  8281 | D:9      | Noticed a two-headed ogre
  8289 | D:9      | Killed a two-headed ogre
  8290 | D:9      | Reached skill level 10 in Armour
  8324 | D:9      | Identified the ring of Kidduih {Wiz rElec SInv Stlth-}
  8324 | D:9      | Noticed a tengu warrior
  8358 | D:9      | Slain by a tengu warrior

Illustrated notes

Levels and vault maps discovered:
D:1:      elethiomel_arrival_maze, layout_rooms,
          ebering_ecumenical_altar_petrified
D:2:      minmay_door_path, layout_loops_corners
D:3:      layout_rooms, nicolae_yredelemnul_corpse_copse
D:4:      layout_loops_corners, amcnicky_mini_pool_small, uniq_duvessa,
          uniq_edmund, uniq_sigmund, uniq_pikel
D:5:      layout_loops_ring, general_overflow_altar,
          lemuel_coloured_pillars_altar, kennysheep_mini_moat,
          marbit_many_paths, minmay_temple_entry_drinking_statues,
          hangedman_decor_riveting
D:6:      cheibrodos_barr_body, layout_cave_pools, minivault_25
D:7:      layout_loops_ring, trog_book, nemelex_diamond_rough_becter,
          minmay_misc_feat_plants
D:8:      layout_cave_pods, erik_lair_orcish_takeover, nrook_mini_backslash
D:9:      minmay_the_grid_triangle_9x9_rhombus_thin_mashed
          [minmay_the_grid_triangle_9x9_limited_checkers,
          minmay_the_grid_triangle_9x9_prize_special,
          minmay_the_grid_triangle_9x9_corrupted_corridor,
          minmay_the_grid_triangle_9x9_skeleton], layout_loops_ring,
          nicolae_overflow_hidden_temple, minmay_orc_entry_temple_small,
          serial_co_window_serial, co_window_of_opportunity_a,
          co_window_paths_a, co_window_paths_a, co_window_of_opportunity_a,
          co_window_paths_b, co_window_broadway_a, co_window_of_opportunity_b,
          co_window_2corner, co_window_corner_b, co_window_cross_3,
          glass_columns_b, minmay_stone_trees_medium, uniq_joseph

Skill      XL: |  1  2  3  4  5  6  7  8  9 10 11 |
---------------+----------------------------------+-----
Polearms       | 3 4 5 8 9 11 12 13 | 13.1
Shields        | 4 5 6 7 8 9 10 | 10.1
Armour         | 4 5 6 7 8 9 10 | 10.0
Invocations    | 2 4 5 6 |  6.1
Maces & Flails | 1 4 6 |  6.0
Fighting       | |  3.6

Action                   |  1- 3 |  4- 6 |  7- 9 | 10-12 || total
-------------------------+-------+-------+-------+-------++-------
Melee: Trident           |   117 |   124 |   101 |    15 ||   357
       Headbutt          |     8 |    17 |    33 |    34 ||    92
       Whip              |       |       |   124 |   192 ||   316
Invok: Animate Remains   |       |       |    10 |    18 ||    28
       Animate Dead      |       |       |       |     6 ||     6
       Injury Mirror     |       |       |       |     1 ||     1
 Stab: Distracted        |       |       |       |     1 ||     1
Armor: Scale mail        |    42 |    29 |    37 |       ||   108
       Ring mail         |       |       |     5 |    36 ||    41
Dodge: Dodged            |    29 |    32 |    72 |    59 ||   192
Block: Kite shield       |    49 |    42 |   104 |    10 ||   205
       Tower shield      |       |       |       |   220 ||   220

Table legend: (Time is in decaauts)
 A = Elapsed time spent in this place.
 B = Non-inter-level travel time spent in this place.
 C = Inter-level travel time spent in this place.
 D = Time resting spent in this place.
 E = Time spent auto-exploring this place.
 F = Levels seen in this place.
 G = Mean time per level.
                   A        B        C        D        E       F      G
               +--------+--------+--------+--------+--------+-----+--------+
         Total |   8477 |   8163 |    314 |    607 |   5772 |   9 |  941.9 |
       Dungeon |   8477 |   8163 |    314 |    607 |   5772 |   9 |  941.9 |
               +--------+--------+--------+--------+--------+-----+--------+

Top non-repeatable levels by time:
     D:9: 1391 daAuts
     D:2: 1297 daAuts
     D:4: 1108 daAuts
     D:1: 1027 daAuts
     D:8: 911 daAuts
     D:7: 857 daAuts
     D:5: 739 daAuts
     D:6: 687 daAuts
     D:3: 456 daAuts
